 Dungeon Crawl Stone Soup version 0.20.1-1-g8b1a95d (webtiles) character file.

230 GenChuck the Shield-Bearer (level 5, -4/46 HPs)
             Began as a Draconian Fighter on Nov 2, 2017.
             Killed by nerve-wracking pain
             ... invoked by Menkaure
              (13 damage)
             ... on level 3 of the Dungeon.
             The game lasted 00:28:53 (3585 turns).

GenChuck the Shield-Bearer (Draconian Fighter)      Turns: 3585, Time: 00:28:54

Health: -4/46      AC:  5    Str: 20    XL:     5   Next: 72%
Magic:  5/5        EV: 11    Int:  8    God:
Gold:   168        SH: 11    Dex: 10    Spells: 4/4 levels left

rFire    . . .     SeeInvis .   s - +2 flail (venom)
rCold    . . .     Gourm    .   b - +0 shield
rNeg     . . .     Faith    .   (armour unavailable)
rPois    .         Spirit   .   (helmet restricted)
rElec    .         Reflect  +   (no cloak)
rCorr    .         Harm     .   (no gloves)
MR       +....                  (no boots)
Stlth    +.........             f - +2 amulet of reflection
Regen    0.2/turn               o - ring of protection from magic
MPRegen  0.1/turn               (no ring)

@: no status effects
A: unfitting armour, cold-blooded, AC +5
a: no special abilities


You were on level 3 of the Dungeon.
You were not hungry.

You visited 1 branch of the dungeon, and saw 5 of its levels.

You collected 168 gold pieces.

Inventory:

Hand Weapons
 a - a +0 war axe
 g - a +0 spear
 q - a +2 quarterstaff of protection
 s - a +2 flail of venom (weapon)
 u - a +0 hand axe
Missiles
 j - 5 exploding tomahawks (quivered)
 x - 6 tomahawks
Armour
 b - a +0 shield (worn)
Jewellery
 f - a +2 amulet of reflection (around neck)
 o - a ring of protection from magic (left hand)
Scrolls
 e - a scroll of fog
 h - 3 scrolls of teleportation
 l - a scroll of amnesia
 t - a scroll of identify
 v - a scroll of remove curse
 w - a scroll of recharging {unknown}
Potions
 c - a potion of might
 i - a potion of cancellation
 z - a potion of curing
Comestibles
 d - 3 bread rations
 k - a fruit
 n - 4 royal jellies
 r - 2 meat rations


   Skills:
 + Level 3.7 Fighting
 + Level 3.9(4.1) Axes
 * Level 1.6(3.0) Maces & Flails
 + Level 3.3 Dodging
 + Level 0.2 Stealth
 * Level 4.2 Shields


You had 4 spell levels left.
You didn't know any spells.

Dungeon Overview and Level Annotations

Branches:
Dungeon (5/15)
 Temple: D:4-7

Altars:

Annotations:
D:3 Menkaure


Innate Abilities, Weirdness & Mutations

Your plain brown scales are hard. (AC +5)
You cannot fit into any form of body armour.
You are cold-blooded and may be slowed by cold attacks.


Message History

You feel much better. Menkaure hits you!
You sock Menkaure!
Menkaure is heavily damaged.
Menkaure hits you!
* * * LOW HITPOINT WARNING * * *
Menkaure hits you!
* * * LOW HITPOINT WARNING * * *
You feel much better. Menkaure hits you.
* * * LOW HITPOINT WARNING * * *
You hit Menkaure but do no damage.
You tail-slap Menkaure, but do no damage.
Menkaure is heavily damaged.
Menkaure barely misses you. You block Menkaure's attack.
You hit Menkaure.
Menkaure is heavily damaged.
Menkaure hits you.
* * * LOW HITPOINT WARNING * * *
Menkaure points at you and mumbles some strange words.
Pain shoots through your body!
You die...

###### #....#
#....##############
#####.....#....M......#####
....'.....'....>@.........#
..###.....#.#########.###.#
..# #######.# #.# #.# ..#
#.# #.###.# ..# #.# #.#...#
..# #.# #.#.### ### #.#
#.#.# # #####'#### #.#.# #
#........# #.#.#


You could see Menkaure.

Vanquished Creatures
  An orc priest (D:3)
  A worker ant (D:3)
  8 adders
  4 oozes
  3 worms
  3 dart slugs (D:1)
  3 orcs (D:3)
  A ball python (D:2)
  8 bats
  2 giant cockroaches
  9 goblins
  9 hobgoblins
  3 jackals (D:1)
  2 quokkas
  8 frilled lizards
  5 kobolds
  A leopard gecko skeleton (D:4)
  2 rats
73 creatures vanquished.

Vanquished Creatures (others)
  An orc (D:3)
1 creature vanquished.

Grand Total: 74 creatures vanquished

Notes
Turn   | Place    | Note
-------+----------+-------------------------------------------
     0 | D:1      | GenChuck the Draconian Fighter began the quest for the Orb.
     0 | D:1      | Reached XP level 1. HP: 19/19 MP: 1/1
   119 | D:1      | Reached XP level 2. HP: 21/26 MP: 2/2
   503 | D:1      | Reached XP level 3. HP: 28/31 MP: 3/3
  1583 | D:2      | Reached XP level 4. HP: 31/38 MP: 4/4
  2706 | D:3      | Reached XP level 5. HP: 36/45 MP: 5/5
  2837 | D:3      | Reached skill level 1 in Maces & Flails
  2837 | D:3      | Reached skill level 4 in Shields
  3477 | D:5      | Entered Level 5 of the Dungeon
  3542 | D:4      | Noticed Menkaure
  3581 | D:3      | HP: 2/46 [Menkaure (8)]
  3585 | D:3      | Killed from afar by Menkaure

Skill      XL: |  1  2  3  4  5 |
---------------+----------------+-----
Dodging        | 3 |  3.3
Axes           | 3 |  3.9
Maces & Flails | 1 |  1.6
Shields        | 4 |  4.2
Fighting       | |  3.7
Stealth        | |  0.2

Action                   |  1- 3 |  4- 6 || total
-------------------------+-------+-------++-------
Melee: War axe           |   106 |    25 ||   131
       Tailslap          |    14 |    12 ||    26
       Flail             |       |    79 ||    79
  Use: Potion            |     3 |     8 ||    11
       Scroll            |     5 |     6 ||    11
 Stab: Sleeping          |     1 |       ||     1
  Eat: Chunk             |     2 |     2 ||     4
       Bread ration      |       |     1 ||     1
Armor: Skin              |    21 |    32 ||    53
Dodge: Dodged            |    45 |    47 ||    92
Block: Shield            |    53 |    77 ||   130
       Reflection        |       |     2 ||     2
